 Dungeon Crawl Stone Soup version 0.30-a0-908-g5a111fc481 (webtiles) character file.

Game seed: 12768694192296009050

21844 sanka the Severer (level 12, -6/117 HPs)
             Began as a Hill Orc Monk on Mar 20, 2023.
             Was an Elder of Beogh.
             Mangled by Rupert
             ... wielding a +3 heavy battleaxe
              (34 damage)
             ... on level 3 of the Lair of Beasts.
             The game lasted 00:30:20 (17850 turns).

sanka the Severer (Hill Orc Monk)                  Turns: 17850, Time: 00:30:21

Health: -6/117     AC: 18    Str: 19    XL:     12   Next: 94%
Magic:  17/17      EV: 14    Int: 13    God:    Beogh [****..]
Gold:   119        SH:  0    Dex: 15    Spells: 11/11 levels left

rFire   . . .      SeeInvis .    a - +0 battleaxe
rCold   . . .      Faith    +    (shield currently unavailable)
rNeg    . . .      Spirit   .    Q - +1 chain mail {rPois}
rPois   +          Reflect  .    Z - +2 hat {Int+3}
rElec   .          Rampage  .    i - +0 cloak
rCorr   .                        (no gloves)
Will    .....                    (no boots) Stlth
                                 X - amulet of faith
HPRegen 0.39/turn                O - +4 ring of protection
MPRegen 0.15/turn                P - ring "Tycasi" {EV+5 Dex+2}

@: slowed, very slow
A: no striking features
a: Renounce Religion, Smiting, Recall Orcish Followers


You were on level 3 of the Lair of Beasts.
You worshipped Beogh.
Beogh was greatly pleased with you.
You visited 2 branches of the dungeon, and saw 14 of its levels.

You collected 955 gold pieces.
You spent 836 gold pieces at shops.


   Skills:
 - Level 14.0 Fighting
 - Level 20.0 Axes
 + Level 5.1 Armour
 + Level 4.7 Dodging
 - Level 1.5 Stealth
 + Level 7.0 Invocations


You had 11 spell levels left.
You didn't know any spells.
Your spell library contained the following spells:

 Spells                   Type           Power      Damage    Failure   Level
 Foxfire                  Conj/Fire      0%         2x1d4     97%         1
 Magic Dart               Conj           0%         1d3       97%         1
 Slow                     Hex            0%         N/A       97%         1
 Call Imp                 Summ           0%         N/A       99%         2
 Lesser Beckoning         Tloc           0%         N/A       99%         2
 Confusing Touch          Hex            0%         N/A       100%        3
 Gell's Gravitas          Tloc           0%         N/A       100%        3
 Mephitic Cloud           Conj/Pois/Air  0%         N/A       100%        3
 Teleport Other           Tloc           0%         N/A       100%        3
 Vampiric Draining        Necr           0%         2d6       100%        3
 Petrify                  Tmut/Erth      0%         N/A       100%        4
 Fireball                 Conj/Fire      0%         3d3       100%        5
 Metabolic Englaciation   Hex/Ice        0%         N/A       100%        5
 Starburst                Conj/Fire      0%         6d3       100%        6
 Statue Form              Tmut/Erth      0%         N/A       100%        6

Inventory:

Hand Weapons
 a - a +0 battleaxe (weapon)
 b - a +4 heavy dire flail
 R - a +0 scimitar of flaming
Missiles
 g - 4 curare-tipped darts (quivered) {=f}
 q - 45 poisoned darts
 H - 3 throwing nets {=f}
Armour
 i - a +0 cloak (worn)
 Q - a +1 chain mail of poison resistance (worn)
 Z - a +2 hat of intelligence (worn)
Jewellery
 t - a ring of ice
 C - a ring of flight
 N - the ring "Manolle" {*Corrode rPois rF+ Str+4 Dex-4}

   [ring of protection from fire]

   Str:       It affects your strength (+4).
   Dex:       It affects your dexterity (-4).
   rF:        It protects you from fire.
   rPois:     It protects you from poison.
   *Corrode:  It may corrode you when you take damage.
 O - a +4 ring of protection (left hand)
 P - the ring "Tycasi" (right hand) {EV+5 Dex+2}

   [ring of evasion]

   EV:        It affects your evasion (+5).
   Dex:       It affects your dexterity (+2).
 W - a ring of willpower
 X - an amulet of faith (around neck)
Wands
 l - a wand of mindburst (3)
 A - a wand of digging (14)
 E - a wand of charming (24)
 S - a wand of roots (11)
Scrolls
 c - a scroll of magic mapping
 e - 2 scrolls of fog
 f - 3 scrolls of poison {!r}
 h - 2 scrolls of torment {!r}
 j - 3 scrolls of fear
 r - 3 scrolls of noise {!r}
 s - 8 scrolls of teleportation {@r4}
 v - a scroll of enchant armour
 w - 3 scrolls of immolation {!r}
 y - 3 scrolls of enchant weapon
 K - 4 scrolls of blinking
 L - a scroll of silence {!r}
 T - a scroll of vulnerability {!r}
 V - 5 scrolls of identify {@r1}
 Y - a scroll of amnesia {unknown}
Potions
 d - 2 potions of brilliance {unknown}
 k - 10 potions of curing {@q1}
 m - 3 potions of invisibility {unknown}
 o - 4 potions of degeneration {unknown}
 p - 3 potions of ambrosia
 u - 4 potions of heal wounds {@q2}
 x - 3 potions of attraction {unknown}
 z - 3 potions of haste {@q3}
 B - a potion of flight {unknown}
 F - 2 potions of lignification {unknown}
 I - a potion of magic {unknown}
 J - 3 potions of might
 M - a potion of mutation {unknown}
 U - 2 potions of cancellation {unknown}

Dungeon Overview and Level Annotations

Branches:
Dungeon (11/15)            Temple (0/1) D:6            Lair (3/5) D:10
 Spider (0/4) Lair:2
  Swamp: Lair:2-3    Shoals: Lair:2-3       Orc: D:9-12

Altars:
Elyvilon
Fedhas
Ru
Wu Jian
Xom
Yredelemnul

Shops:
D:6 =

Annotations:
D:7 2 runed translucent doors, jazmu's ghost, novice DgHu
D:9 4 runed translucent doors
Lair:1 1 runed translucent door, UltrafastDeath's ghost, journeyman HuAr
Lair:3 Rupert

..P.▒▒▒................
▒P..▒ ▒▒...........£...▒
▒...▒ ▒...............▒
....▒▒▒▒...............▒
.▒.▒▒..▒................
..▒.▒..'................
..▒('..▒....(...........
....▒▒▒.................
▒▒▒▒.▒▒........oo.....▒
▒▒▒▒▒.▒.▒▒▒.w@.▒.Y..Y
▒▒▒▒▒ ▒▒(..▒ .£.. ▒P(...
>. ▒▒..... ▒▒.▒... ...▒.
......


You could see Rupert (berserk, ally target), a torpor snail, 2 yaks and a
friendly orc knight (slow).


Message History

A yak comes into view.
Rupert misses you.
Your orc knight misses Rupert.
Unknown command.
You barely miss Rupert.
Rupert is severely wounded.
You hit the torpor snail.
Rupert looks more healthy.
The torpor snail bites you but does no damage.
Rupert hits you with a +3 heavy battleaxe!!!
* * * LOW HITPOINT WARNING * * *
Your orc knight hits Rupert with a +0 scimitar!
You hear a bellow!
You hear a bellow!
Unknown command.
You slash Rupert!
Rupert is severely wounded.
You slash the torpor snail! Rupert closely misses you.
Rupert hits your orc knight with a +3 heavy battleaxe!
The torpor snail bites you.
* * * LOW HITPOINT WARNING * * *
Unknown command.
You slash Rupert!
Rupert is almost dead.
You hit the torpor snail but do no damage.
A yak comes into view.
Your orc knight hits Rupert with a +0 scimitar!
Rupert hits you with a +3 heavy battleaxe!!
You die...

Action                     |  1- 3 |  4- 6 |  7- 9 | 10-12 || total
---------------------------+-------+-------+-------+-------++-------
  Melee: Hand axe          |   120 |   213 |   155 |       ||   488
         Punch             |     1 |     2 |     2 |       ||     5
         Dire flail        |       |       |   112 |   191 ||   303
         War axe           |       |       |    21 |       ||    21
         Battleaxe         |       |       |       |   300 ||   300
  Throw: Dart              |       |     5 |    12 |    18 ||    35
 Invoke: Smiting           |       |       |       |     2 ||     2
         Convert to Beogh  |       |       |       |     1 ||     1
  Evoke: Wand              |       |       |     3 |     3 ||     6
    Use: Potion            |     1 |       |       |     3 ||     4
         Scroll            |       |       |       |    16 ||    16
   Stab: Sleeping          |     6 |       |       |     1 ||     7
         Distracted        |       |       |     1 |     1 ||     2
         Confused          |       |       |       |     2 ||     2
 Armour: Robe              |    33 |     5 |       |       ||    38
         Chain mail        |       |    88 |    90 |    19 ||   197
         Steam dragon scal |       |       |    27 |   153 ||   180
  Dodge: Dodged            |    99 |    64 |   148 |   413 ||   724

Levels and vault maps discovered:
D:1:      saegor_arrival_fortress, layout_loops_ring,
          ebering_ecumenical_altar_rust
D:2:      layout_basic, minmay_indecisive_spiral
D:3:      layout_basic
D:4:      layout_basic, nicolae_wu_jian_wuxing_cycle, serial_corexii_hall,
          corexii_hall_statues_t, corexii_hall_statues_i, st_stairs_7
D:5:      layout_basic, dk_vineyard_2, columned_hall_lemuel, uniq_blork_the_orc,
          uniq_sigmund, uniq_ijyb
D:6:      layout_basic, mainiacjoe_overflow_catwalk, minmay_temple_entry_arrows,
          serial_shops, nicolae_shop_competitors_out_of_business,
          kennysheep_generic_room_9, uniq_edmund
D:7:      nzn_winding_woodlands_medium [nzn_winding_woodlands_5x5_perimeter,
          nzn_winding_woodlands_5x15_garden, nzn_winding_woodlands_5x5_default,
          nzn_winding_woodlands_5x5_open_star,
          nzn_winding_woodlands_center_garden, nzn_winding_woodlands_5x5_three,
          nzn_winding_woodlands_5x5_closed_star,
          nzn_winding_woodlands_5x15_jagged, nzn_winding_woodlands_5x5_default],
          layout_rooms, lemuel_round_altar, ebering_ghost_disaster_area,
          uniq_maggie, uniq_pikel
D:8:      hangedman_cross_veins, layout_basic, nicolae_wwwww
D:9:      cheibrodos_statue_roulette, layout_stronghold, xom_teletrap_fun,
          marbit_many_paths, kennysheep_doodads, minmay_statue_crystal_thing,
          uniq_erica
D:10:     layout_stronghold, yredelemnul_altar_generic,
          due_lair_maze_entry_diamond
D:11:     layout_roguey, minivault_27, nicolae_titane
Lair:1:   layout_misc_corridors, ebering_ghost_reflecting_pool, uniq_fannar,
          uniq_joseph
Lair:2:   layout_gridlike, dummy_spider_entry, lemuel_fruit_tree,
          uniq_gastronok, uniq_urug, uniq_nergalle
Lair:3:   layout_roguey, nicolae_swamp_entry_splash_gauntlet, st_stairs_3,
          chequers_serial_rivers_marsh, uniq_rupert

Notes
Turn   | Place    | Note
-------+----------+-------------------------------------------
     0 | D:1      | sanka the Hill Orc Monk began the quest for the Orb.
     0 | D:1      | Reached XP level 1. HP: 19/19 MP: 1/1
   486 | D:1      | Reached XP level 2. HP: 23/27 MP: 2/2
   510 | D:1      | Found a faded altar of an unknown god.
   944 | D:2      | Reached skill level 4 in Fighting
   985 | D:2      | Reached skill level 5 in Axes
  1061 | D:2      | Reached XP level 3. HP: 33/33 MP: 3/3
  1580 | D:2      | HP: 3/34 [adder (2)]
  1588 | D:2      | Reached XP level 4. HP: 24/41 MP: 4/4
  1851 | D:2      | HP: 4/41 [worm (1)]
  2026 | D:3      | Reached skill level 6 in Axes
  3161 | D:4      | Reached XP level 5. HP: 46/47 MP: 5/5
  3586 | D:4      | Reached skill level 5 in Fighting
  3762 | D:4      | Found an ornate altar of the Wu Jian Council.
  3866 | D:4      | Reached skill level 7 in Axes
  4201 | D:5      | Entered Level 5 of the Dungeon
  4223 | D:5      | Reached XP level 6. HP: 38/56 MP: 6/6
  4327 | D:5      | Reached skill level 8 in Axes
  4622 | D:5      | HP: 1/57 [ogre/+0 giant club (26)]
  4632 | D:5      | Reached skill level 6 in Fighting
  4632 | D:5      | Reached XP level 7. HP: 4/63 MP: 7/7
  4988 | D:5      | Noticed Blork the orc
  5002 | D:5      | Killed Blork the orc
  5003 | D:5      | Reached skill level 9 in Axes
  5167 | D:5      | Noticed Sigmund
  5288 | D:5      | Killed Sigmund
  5289 | D:5      | Reached skill level 7 in Fighting
  5289 | D:5      | Reached skill level 10 in Axes
  5289 | D:5      | Reached XP level 8. HP: 65/73 MP: 8/8
  5602 | D:5      | Noticed Ijyb
  5614 | D:5      | Killed Ijyb
  5738 | D:6      | Reached skill level 11 in Axes
  6203 | D:6      | Reached skill level 8 in Fighting
  6259 | D:6      | Found a white marble altar of Elyvilon.
  6343 | D:6      | Noticed Edmund
  6365 | D:6      | Killed Edmund
  6548 | D:6      | Reached skill level 12 in Axes
  6728 | D:6      | Reached XP level 9. HP: 78/82 MP: 9/9
  6939 | D:6      | You are sucked into a shaft and drop 1 floor!
  7039 | D:7      | Reached skill level 13 in Axes
  7073 | D:7      | Identified +1 steam dragon scales
  7073 | D:7      | Noticed Maggie
  7089 | D:7      | Killed Maggie
  7090 | D:7      | Reached skill level 9 in Fighting
  7150 | D:7      | Identified the ring "Manolle" {*Corrode rPois rF+ Str+4
                  | Dex-4}
  7220 | D:7      | Found a large runed translucent door.
  7220 | D:7      | Found a large runed translucent door.
  7221 | D:7      | Noticed jazmu's ghost (novice DgHu)
  7260 | D:6      | Found Meuseun's Jewellery Shoppe.
  7487 | D:6      | Found a staircase to the Ecumenical Temple.
  7843 | D:7      | Reached skill level 14 in Axes
  8106 | D:7      | Reached skill level 10 in Fighting
  8291 | D:7      | Reached XP level 10. HP: 84/93 MP: 10/10
  8355 | D:7      | Became a worshipper of Beogh the Brigand
  8355 | D:7      | Reached * piety under Beogh
  8355 | D:7      | Reached ** piety under Beogh
  8359 | D:7      | Noticed a cyclops
  8383 | D:7      | Killed a cyclops
  8384 | D:7      | Reached skill level 15 in Axes
  8384 | D:7      | Reached skill level 1 in Invocations
  8400 | D:7      | Reached skill level 2 in Invocations
  9034 | D:6      | Bought a +4 ring of protection for 396 gold pieces
  9181 | D:7      | Found a blossoming altar of Fedhas.
  9191 | D:7      | Noticed Pikel
  9215 | D:7      | Killed Pikel
  9216 | D:7      | Reached skill level 3 in Invocations
  9522 | D:8      | HP: 9/94 [poisoned by a killer bee]
 10165 | D:8      | Reached skill level 16 in Axes
 10296 | D:8      | Reached skill level 11 in Fighting
 10296 | D:8      | Reached skill level 4 in Invocations
 10353 | D:8      | Noticed a gargoyle
 10484 | D:8      | Identified the ring "Tycasi" {EV+5 Dex+2}
 10484 | D:8      | Noticed a skeletal warrior
 10505 | D:8      | Killed a skeletal warrior
 10568 | D:8      | Noticed a centaur warrior
 10568 | D:8      | Noticed a boulder beetle
 10568 | D:8      | Noticed a red ugly thing
 10600 | D:7      | Reached skill level 5 in Invocations
 10753 | D:8      | Identified +0 steam dragon scales
 10754 | D:8      | Reached XP level 11. HP: 86/102 MP: 14/14
 10835 | D:8      | Killed a centaur warrior
 10836 | D:8      | Reached skill level 17 in Axes
 10868 | D:8      | Killed a boulder beetle
 10915 | D:8      | Killed a red ugly thing
 10916 | D:8      | Reached skill level 12 in Fighting
 11057 | D:8      | Reached *** piety under Beogh
 11073 | D:8      | Noticed a boulder beetle
 11087 | D:8      | Killed a boulder beetle
 11088 | D:8      | Reached skill level 18 in Axes
 11319 | D:8      | Noticed an orb spider
 11330 | D:8      | Killed an orb spider
 11842 | D:9      | Found a shimmering altar of Xom.
 12247 | D:9      | Found a runed translucent door.
 12267 | D:9      | Found a runed translucent door.
 12553 | D:9      | Noticed Erica
 12575 | D:9      | Killed Erica
 12954 | D:9      | Found a runed translucent door.
 12960 | D:9      | Noticed a two-headed ogre
 12968 | D:9      | Killed a two-headed ogre
 12969 | D:9      | Reached skill level 13 in Fighting
 12969 | D:9      | Reached skill level 19 in Axes
 12975 | D:9      | Found a runed translucent door.
 13155 | D:9      | Reached XP level 12. HP: 115/115 MP: 15/15
 13551 | D:9      | Found a sacrificial altar of Ru.
 13701 | D:10     | Entered Level 10 of the Dungeon
 13774 | D:10     | Found a staircase to the Lair.
 14185 | D:10     | Reached skill level 20 in Axes
 14241 | D:10     | Found a basalt altar of Yredelemnul.
 15530 | D:11     | Reached skill level 14 in Fighting
 15611 | Lair:1   | Entered Level 1 of the Lair of Beasts
 15701 | Lair:1   | Noticed Joseph
 15705 | Lair:1   | Noticed Fannar
 15711 | Lair:1   | Killed Joseph
 15712 | Lair:1   | Reached skill level 1 in Armour
 15721 | Lair:1   | Killed Fannar
 15722 | Lair:1   | Reached skill level 2 in Armour
 15722 | Lair:1   | Reached skill level 3 in Dodging
 15843 | Lair:1   | Reached **** piety under Beogh
 15844 | Lair:1   | Reached skill level 3 in Armour
 16096 | D:6      | Bought an amulet of faith for 440 gold pieces
 16221 | Lair:1   | Found a runed translucent door.
 16224 | Lair:1   | Noticed UltrafastDeath's ghost (journeyman HuAr)
 16869 | Lair:2   | Noticed Gastronok
 16871 | Lair:2   | Found a hole to the Spider Nest.
 16871 | Lair:2   | Noticed Urug
 16883 | Lair:2   | Killed Gastronok
 16884 | Lair:2   | Reached skill level 4 in Armour
 16884 | Lair:2   | Reached skill level 4 in Dodging
 16886 | Lair:2   | Killed Urug
 16887 | Lair:2   | Reached skill level 6 in Invocations
 17282 | Lair:2   | Noticed Nergalle
 17294 | Lair:2   | Killed Nergalle
 17296 | Lair:2   | Reached skill level 5 in Armour
 17499 | Lair:2   | Reached skill level 7 in Invocations
 17838 | Lair:3   | Noticed Rupert
 17850 | Lair:3   | Mangled by Rupert

Vanquished Creatures
  Fannar (Lair:1)
  Erica (D:9)
  A centaur warrior (D:8)
  2 boulder beetles (D:8)
  A two-headed ogre (D:9)
  A skeletal warrior (D:8)
  An orb spider (shapeshifter) (D:8)
  Pikel (D:7)
  An ugly thing (D:8)
  A cyclops (D:7)
  A manticore (D:11)
  Joseph (Lair:1)
  3 cane toads
  Maggie (D:7)
  5 gargoyles
  A rime drake (Lair:2)
  3 trolls
  A hornet (D:9)
  2 blink frogs (Lair:1)
  A slime creature (D:8)
  Sigmund (D:5)
  A vampire (D:9)
  A wraith (D:10)
  A wyvern (D:8)
  8 yaks (D:10)
  A vampire mosquito (D:8)
  6 steam dragons
  Edmund (D:6)
  6 water moccasins
  2 orc warriors
  3 ice beasts
  4 sky beasts
  4 black bears
  3 ogres (D:5)
  2 wolves
  4 centaurs
  2 phantoms
  Blork the orc (D:5)
  4 kobold brigands
  8 bullfrogs
  2 gnoll sergeants
  A scorpion (D:5)
  7 wights
  8 killer bees
  3 howler monkeys
  2 electric eels (D:6)
  2 orc priests (D:8)
  2 hounds
  2 jellies
  3 gnoll boudas
  A sleepcap (D:8)
  Ijyb (D:5)
  4 iguanas
  6 orc wizards
  23 gnolls
  10 adders
  3 white imps
  4 ufetubi
  2 worms (D:2)
  A dart slug (D:4)
  25 orcs
  5 bats
  7 endoplasms
  4 giant cockroaches
  6 goblins
  6 hobgoblins
  3 jackals (D:4)
  4 quokkas
  8 ball pythons
  3 frilled lizards
  18 kobolds
  4 rats
273 creatures vanquished.

Vanquished Creatures (collateral kills)
  Gastronok (Lair:2)
  Urug (Lair:2)
  Nergalle (Lair:2)
  2 cane toads
  2 komodo dragons (Lair:2)
  A blink frog (Lair:1)
  A basilisk (Lair:3)
  3 water moccasins
  4 wolves
  2 bullfrogs (D:10)
  A howler monkey (D:10)
  A gnoll (D:11)
20 creatures vanquished.

Vanquished Creatures (others)
  An orc sorcerer (Lair:3)
  An orc warrior (D:10)
  An orc priest (Lair:1)
  A kobold brigand (D:8)
  3 orc wizards
  An orc (D:10)
  38 fungi
  62 plants
  2 withered plants (D:10)
110 creatures vanquished.

Grand Total: 403 creatures vanquished
